 Dungeon Crawl Stone Soup version 0.29-a0-297-g7659ce593d (webtiles) character file.

Game seed: 3550957506836927536

5052 Dabor the Ruffian (level 10, -6/53 HPs)
             Began as a Vine Stalker Transmuter on Mar 22, 2022.
             Was a Believer of Qazlal.
             Mangled by a komodo dragon (27 damage)
             ... on level 1 of the Lair of Beasts.
             The game lasted 00:17:48 (9020 turns).

Dabor the Ruffian (Vine Stalker Transmuter)         Turns: 9020, Time: 00:17:48

Health: -6/53      AC:  7    Str: 17    XL:     10   Next: 56%
Magic:  0/21       EV: 16    Int: 17    God:    Qazlal [**....]
Gold:   1487       SH:  2    Dex: 23    Spells: 16/23 levels left

rFire   . . .      SeeInvis .     - Unarmed
rCold   x . .      Faith    +   (no shield)
rNeg    . . .      Spirit   +   p - +3 robe of Cheibriados's Regard {rC- Int+4}
rPois   +          Reflect  .   (helmet currently unavailable)
rElec   .          Harm     .   t - +0 cloak
rCorr   .          Rampage  .   C - +0 pair of gloves of the Shining Light {Dex+2}
Will    +....                   (boots currently unavailable)
Stlth   ++........              r - amulet of faith
HPRegen 0.97/turn               n - ring of poison resistance
MPRegen 0.17/turn               c - +6 ring of dexterity

@: appendages, wereblooded
A: horns 2, talons 2, fangs 3, regeneration 1, magic shield, antimagic bite, no
potion heal 2
a: End Transformation, Renounce Religion, Upheaval


You were on level 1 of the Lair of Beasts.
You worshipped Qazlal.
Qazlal was pleased with you.
You had temporarily grown beastly horns and talons.
You visited 3 branches of the dungeon, and saw 12 of its levels.
You also visited: Sewer.

You collected 1487 gold pieces.

Inventory:

Armour
 a - the +3 ring mail of the Lychee {Harm Drain Will++}
   (You found it on level 5 of the Dungeon)

   Drain:     It drains your maximum health when unequipped.
   Harm:      It increases damage dealt and taken.
   Will:      It greatly increases your willpower.
 p - the +3 robe of Cheibriados's Regard (worn) {rC- Int+4}
   (You found it on level 2 of the Dungeon)

   Int:       It affects your intelligence (+4).
   rC:        It makes you vulnerable to cold.
 t - a +0 cloak (worn)
 C - the +0 pair of gloves of the Shining Light (worn) {Dex+2}
   (You found it on level 7 of the Dungeon)

   Dex:       It affects your dexterity (+2).
Jewellery
 c - a +6 ring of dexterity (right hand)
 n - a ring of poison resistance (left hand)
 r - an amulet of faith (around neck)
 w - an amulet of magic regeneration
 E - a ring of wizardry
Wands
 v - a wand of paralysis (8)
 y - a wand of polymorph (6)
 z - a wand of iceblast (25)
Scrolls
 d - a scroll of torment
 f - a scroll of blinking
 g - a scroll of fog {unknown}
 i - 2 scrolls of brand weapon
 k - 5 scrolls of identify
 A - 2 scrolls of amnesia
 B - a scroll of magic mapping
Potions
 b - a potion of lignification
 e - 3 potions of attraction {unknown}
 h - 2 potions of flight {unknown}
 j - a potion of resistance {unknown}
 l - 2 potions of mutation {unknown}
 m - 4 potions of curing
 o - 2 potions of haste {unknown}
 q - 2 potions of degeneration {unknown}
 s - 2 potions of magic {unknown}
 x - 2 potions of might {unknown}


   Skills:
 + Level 6.2 Fighting
 + Level 5.8 Dodging
 + Level 7.5 Unarmed Combat
 + Level 7.1 Spellcasting
 + Level 7.0 Transmutations
 + Level 0.6 Ice Magic
 + Level 0.8 Invocations
 + Level 0.6 Evocations


You had 16 spell levels left.
You knew the following spells:

 Your Spells              Type           Power      Damage    Failure   Level
a - Beastly Appendage     Tmut           60%        N/A       1%          1
b - Wereblood             Tmut           30%        N/A       1%          2
c - Ice Form              Ice/Tmut       19%        N/A       24%         4

Your spell library contained the following spells:

 Spells                   Type           Power      Damage    Failure   Level
 Spider Form              Tmut/Pois      18%        N/A       9%          3
 Animate Skeleton         Necr           12%        N/A       12%         1
 Apportation              Tloc           12%        N/A       12%         1
 Pain                     Necr           24%        1d5       12%         1
 Summon Small Mammal      Summ           24%        N/A       12%         1
 Call Canine Familiar     Summ           6%         N/A       34%         3
 Confusing Touch          Hex            6%         N/A       34%         3
 Summon Guardian Golem    Hex/Summ       6%         N/A       34%         3
 Vampiric Draining        Necr           6%         2d6       34%         3
 Alistair's Intoxication  Tmut/Pois      12%        N/A       58%         5
 Yara's Violent Unravell  Hex/Tmut       9%         3d6       58%         5
 Animate Dead             Necr           3%         N/A       75%         4
 Enfeeble                 Hex            3%         N/A       100%        7
 Haunt                    Necr/Summ      3%         N/A       100%        7
 Infestation              Necr           3%         N/A       100%        8


Dungeon Overview and Level Annotations

Branches:
Dungeon (10/15)            Temple (1/1) D:6            Lair (1/6) D:9
  Sewer (visited)
    Orc: D:9-12

Altars:
Ashenzari
Cheibriados
Dithmenos
Elyvilon
Fedhas
Gozag
Hepliaklqana
Kikubaaqudgha
Makhleb
Nemelex Xobeh
Okawaru
Qazlal
Ru
Sif Muna
Trog
Uskayaw
Vehumet
Wu Jian
Xom
Yredelemnul
Zin
The Shining One
Jiyva

Shops:
D:9 =

Annotations:
D:8 2 transporters


Innate Abilities, Weirdness & Mutations

You have temporarily grown beastly horns and talons.
You have razor-sharp teeth.
Your natural rate of healing is unusually fast.
When hurt, damage is shared between your health and your magic reserves.
Your bite disrupts and absorbs the magic of your enemies.
Potions cannot restore your health.


Message History

Casting: Beastly Appendage (safe; 1% risk of failure)
Confirm with . or Enter, or press ? or * to list all spells.
Your blood is infused with primal strength.
The yak gores the fungus!
The fungus begins to die.
You hear a bellow!
The komodo dragon hisses angrily.
A yak comes into view.
A yak comes into view.
You hit the yak. Your kick misses the yak. Your headbutt misses the yak.
Your bite misses the yak.
The yak is lightly wounded.
You hit the yak but do no damage. You headbutt the yak.
The yak is moderately wounded.
A nearby fungus withers and dies.
The yak barely misses you. You block the yak's attack.
You climb upwards.
Welcome back to the Dungeon!
There is a staircase to the Lair here.
You hit the yak. Your kick misses the yak. You bite the yak, but do no damage.
The yak is moderately wounded.
The yak is engulfed in blazing flames.
The yak completely misses you.
You hit the yak. Your bite misses the yak.
The yak is heavily wounded.
The yak is engulfed in blazing flames.
You block the yak's attack.
You punch the yak!
You kill the yak!
Qazlal accepts your kill.
You climb downwards.
Welcome back to the Lair of Beasts!
The yak gores you!
The yak is engulfed in freezing vapours.
The yak barely misses you. The yak gores you.
The komodo dragon barely misses you. The yak gores you!
The yak is engulfed in freezing vapours.
The yak gores you but does no damage. The yak barely misses you.
The komodo dragon bites you!
There is a staircase back to the Dungeon, spattered with blood here.
The yak gores you but does no damage.
The yak is engulfed in freezing vapours.
The yak completely misses you. The yak closely misses you.
The komodo dragon bites you!!
Ouch! That really hurt!
You die...

...........
..........
......... #
#....... #..
#.....#
....##.....#
....Y.lYY..#
#Y@...#
#Y....#
#.....+
......#
.......#
.##...... .P
........ #.
#........


You could see a komodo dragon and 5 yaks.

Vanquished Creatures
  A troll (D:9)
  A hornet (D:9)
  A vampire (D:9)
  A wyvern (D:9)
  7 yaks
  3 steam dragons
  Menkaure (D:7)
  4 water moccasins
  3 orc warriors
  2 ice beasts
  A sky beast (D:6)
  6 centaurs
  2 phantoms
  4 bullfrogs
  2 scorpions
  8 wights
  2 orc priests
  A hound (D:7)
  2 jellies
  Jessica (D:2)
  3 iguanas
  An orc wizard (D:5)
  A mummy (D:6)
  6 adders
  A shadow imp (D:8)
  4 white imps
  2 ufetubi
  2 worms
  A dart slug (D:3)
  19 orcs
  10 ball pythons
  6 bats
  5 endoplasms
  11 giant cockroaches
  4 goblins
  6 hobgoblins
  6 jackals
  5 quokkas
  5 frilled lizards
  7 kobolds
  22 rats
180 creatures vanquished.

Vanquished Creatures (others)
  8 fungi
8 creatures vanquished.

Grand Total: 188 creatures vanquished

Notes
Turn   | Place    | Note
-------+----------+-------------------------------------------
     0 | D:1      | Dabor the Vine Stalker Transmuter began the quest for the
                  | Orb.
     0 | D:1      | Reached XP level 1. HP: 9/9 MP: 4/4
    76 | D:1      | Reached skill level 1 in Fighting
   132 | D:1      | Reached XP level 2. HP: 2/14 MP: 0/6
  1124 | D:1      | Reached XP level 3. HP: 18/18 MP: 5/7
  2007 | D:2      | Learned a level 2 spell: Wereblood
  2020 | D:2      | Gained mutation: Your natural rate of healing is unusually
                  | fast. [Vine Stalker growth]
  2020 | D:2      | Reached XP level 4. HP: 15/22 MP: 2/9
  2189 | D:2      | Noticed Jessica
  2193 | D:2      | Killed Jessica
  2222 | D:2      | Found a faded altar of an unknown god.
  2605 | D:2      | Prayed at the altar of an unknown god.
  2605 | D:2      | Became a worshipper of Vehumet
  2605 | D:2      | Reached * piety under Vehumet
  2605 | D:2      | Offered knowledge of Magic Dart by Vehumet.
  2606 | D:2      | Fell from the grace of Vehumet
  2781 | D:2      | Identified the +3 robe of Cheibriados's Regard {rC- Int+4}
  2899 | D:3      | Found a shadowy altar of Dithmenos.
  2987 | D:3      | Reached XP level 5. HP: 26/26 MP: 7/10
  3632 | D:4      | Found a glowing drain.
  3647 | Sewer    | Entered a sewer
  3883 | Sewer    | Reached XP level 6. HP: 31/32 MP: 7/12
  4454 | D:4      | Found a white marble altar of Elyvilon.
  4776 | D:5      | Entered Level 5 of the Dungeon
  4830 | D:5      | Identified the +3 ring mail of the Lychee {Harm Drain
                  | Will++}
  4868 | D:5      | Reached XP level 7. HP: 32/35 MP: 10/13
  5275 | D:5      | Found a sparkling altar of Nemelex Xobeh.
  5437 | D:6      | Found a staircase to the Ecumenical Temple.
  5463 | D:6      | Reached skill level 5 in Unarmed Combat
  5463 | D:6      | Gained mutation: You have razor-sharp teeth. [Vine Stalker
                  | growth]
  5463 | D:6      | Reached XP level 8. HP: 35/40 MP: 15/15
  5473 | Temple   | Entered the Ecumenical Temple
  5780 | Temple   | Became a worshipper of Qazlal Stormbringer
  5969 | D:6      | Found a bloodstained altar of Trog.
  6126 | D:6      | Found a snail-covered altar of Cheibriados.
  6166 | D:6      | Reached skill level 5 in Spellcasting
  6316 | D:7      | Reached skill level 5 in Transmutations
  6378 | D:7      | Reached XP level 9. HP: 38/46 MP: 13/18
  6385 | D:7      | Noticed Menkaure
  6394 | D:7      | Killed Menkaure
  6477 | D:7      | Was forgiven by Vehumet
  6640 | D:7      | Reached skill level 5 in Fighting
  6879 | D:7      | Noticed a five-headed hydra
  6884 | D:7      | Identified a scroll of acquirement
  6884 | D:7      | Acquired 1089 gold pieces
  6960 | D:7      | Reached * piety under Qazlal
  7070 | D:7      | Found an ancient bone altar of Kikubaaqudgha.
  7070 | D:7      | Found an iron altar of Okawaru.
  7147 | D:7      | Identified the +0 pair of gloves of the Shining Light
                  | {Dex+2}
  7304 | D:8      | Reached skill level 5 in Dodging
  7709 | D:8      | Found a transporter.
  7786 | D:8      | Found a transporter.
  7787 | D:8      | Noticed a great orb of eyes
  7789 | D:8      | Found a viscous altar of Jiyva.
  8202 | D:9      | Noticed a troll
  8206 | D:9      | Killed a troll
  8207 | D:9      | Reached XP level 10. HP: 49/53 MP: 17/20
  8214 | D:9      | Found Huzitwoh's Jewellery Shoppe.
  8504 | D:9      | Found a staircase to the Lair.
  8583 | D:9      | Reached ** piety under Qazlal
  8629 | D:9      | Learned a level 4 spell: Ice Form
  8867 | D:10     | Entered Level 10 of the Dungeon
  9005 | Lair:1   | Entered Level 1 of the Lair of Beasts
  9020 | Lair:1   | Mangled by a komodo dragon

Illustrated notes

Levels and vault maps discovered:
D:1:      lemuel_arrival_rhombus, layout_basic
D:2:      layout_basic, hellmonk_ecumenical_altar_blasted, minmay_rat_hole,
          uniq_jessica
D:3:      layout_loops_ring, nicolae_overflow_crystal_walls
D:4:      layout_rooms, elyvilon_altar_3, cheibrodos_sewer_entry_sluice
D:5:      layout_basic, mainiacjoe_overflow_catwalk, guppyfry_early_orc_mine
D:6:      layout_rooms, lemuel_crystal_altar, slow_altar_2,
          minmay_temple_entry_sparse_star, chequers_arboretum,
          kennysheep_generic_room_5
D:7:      layout_loops_ring, chequers_temple_overflow_statue_of_worship,
          minmay_misc_feat_iff, dreamdust_mushroom_princess, uniq_menkaure
D:8:      gammafunk_jiyva_shrine, layout_cave_pods
D:9:      layout_cave_pools, dpeg_oklobed_lair, minmay_shop_enchanted_jewellery,
          serial_park_tiny_1
D:10:     layout_grid_maze
Temple:   regret_index_temple_generic_petals
Lair:1:   layout_regular_city, grunt_megastairs_2

Skill      XL: |  1  2  3  4  5  6  7  8  9 10 |
---------------+-------------------------------+-----
Fighting       | 1 2 3 4 5 6 |  6.2
Dodging        | 2 3 4 5 |  5.8
Spellcasting   | 3 4 5 6 7 |  7.1
Transmutations | 3 4 5 6 7 |  7.0
Unarmed Combat | 4 5 7 |  7.5
Ice Magic      | |  0.6
Invocations    | |  0.8
Evocations     | |  0.6

Action                   |  1- 3 |  4- 6 |  7- 9 | 10-12 || total
-------------------------+-------+-------+-------+-------++-------
Melee: Unarmed           |   104 |   169 |   244 |   100 ||   617
       Bite              |    11 |    34 |    95 |    39 ||   179
       Headbutt          |    14 |    21 |    43 |    31 ||   109
       Punch             |     1 |     8 |     8 |     7 ||    24
       Kick              |    21 |    27 |    71 |    30 ||   149
 Cast: Beastly Appendage |    18 |    23 |    32 |     9 ||    82
       Wereblood         |     1 |     8 |    13 |     3 ||    25
Invok: Renounce Religion |       |     1 |       |       ||     1
  Use: Scroll            |       |     6 |     2 |     2 ||    10
       Potion            |       |       |     2 |       ||     2
 Stab: Sleeping          |     1 |       |       |       ||     1
Armor: Robe              |    17 |    38 |    64 |    18 ||   137
Dodge: Dodged            |    67 |   105 |   170 |    57 ||   399
Block: Other             |       |       |     4 |    10 ||    14

Table legend: (Time is in decaauts)
 A = Elapsed time spent in this place.
 B = Non-inter-level travel time spent in this place.
 C = Inter-level travel time spent in this place.
 D = Time resting spent in this place.
 E = Time spent auto-exploring this place.
 F = Levels seen in this place.
 G = Mean time per level.
                   A        B        C        D        E       F      G
               +--------+--------+--------+--------+--------+-----+--------+
         Total |   9061 |   8540 |    521 |    386 |   6214 |  13 |  697.0 |
       Dungeon |   8131 |   7657 |    474 |    386 |   5574 |  10 |  813.1 |
        Temple |    325 |    279 |     46 |      0 |    264 |   1 |  325.0 |
          Lair |      9 |      9 |      0 |      0 |      0 |   1 |    9.0 |
         Sewer |    594 |    594 |      0 |      0 |    375 |   1 |  594.0 |
               +--------+--------+--------+--------+--------+-----+--------+

Top non-repeatable levels by time:
     D:1: 1534 daAuts
     D:2: 1258 daAuts
     D:8: 983 daAuts
     D:7: 972 daAuts
     D:3: 781 daAuts
     D:4: 680 daAuts
     D:9: 627 daAuts
     D:5: 626 daAuts
   Sewer: 594 daAuts
     D:6: 562 daAuts
  Temple: 325 daAuts
    D:10: 104 daAuts
  Lair:1: 9 daAuts
